| TOP OF THE 1ST |
|
Tulsa Drillers batting - Pitching for Colorado (EL) Rockies : RHP Matt Morales
|
|
Pitching: RHP Matt Morales
|
|
|
Batting: RHB Jason Baldwin
|
0-0: Called Strike 0-1: Foul Ball, location: 2F 0-2: Fly out, F8 (Line Drive, 8LD, EV 104.4 MPH)
|
|
Batting: RHB Carlos Gonzalez
|
0-0: Foul Ball, location: 2F 0-1: Foul Ball, location: 2F 0-2: Strikes out looking
|
|
Batting: RHB Justin Curran
|
0-0: Called Strike 0-1: Called Strike 0-2: Ball 1-2: Ball 2-2: SOLO HOME RUN (Line Drive, 7D, EV 98.8 MPH), Distance : 369 ft
|
|
Batting: LHB Bobby Gonzalez
|
0-0: Called Strike 0-1: Swinging Strike 0-2: Ball 1-2: SINGLE (Line Drive, 7S, EV 103.1 MPH)
|
|
Batting: LHB Nate Kee
|
0-0: Ground out 4-3 (Groundball, 4, EV 85.0 MPH)
|
| Top of the 1st over - 1 run, 2 hits, 0 errors, 1 left on base; Tulsa 1 - Colorado (EL) 0 |
| BOTTOM OF THE 1ST |
|
Colorado (EL) Rockies batting - Pitching for Tulsa Drillers : RHP Steve Mintz
|
|
Pitching: RHP Steve Mintz
|
|
|
Batting: LHB Nick Martin
|
0-0: Ball 1-0: Called Strike 1-1: Ground out U3 (Groundball, 13, EV 84.4 MPH)
|
|
Batting: SHB Jeff Sorrels
|
0-0: Ground out 4-3 (Groundball, 4, EV 103.1 MPH)
|
|
Batting: RHB Chris Tatum
|
0-0: SINGLE (Groundball, 6M, EV 104.4 MPH) (infield hit)
|
|
Batting: LHB Mick Tucker
|
0-0: Ball 1-0: Swinging Strike 1-1: Ball 2-1: Called Strike 2-2: Strikes out swinging
|
| Bottom of the 1st over - 0 runs, 1 hit, 0 errors, 1 left on base; Tulsa 1 - Colorado (EL) 0 |
| TOP OF THE 2ND |
|
Tulsa Drillers batting - Pitching for Colorado (EL) Rockies : RHP Matt Morales
|
|
Batting: LHB Cory Bowler
|
0-0: Called Strike 0-1: Ball 1-1: Foul Ball, location: 2F 1-2: Ball 2-2: Foul Ball, location: 2F 2-2: SINGLE (Flyball, 7LS, EV 96.9 MPH)
|
|
Batting: RHB Jonathan Sotelo
|
0-0: Fielders Choice at 2nd, 2-4 (Groundball, 15S, EV 70.6 MPH)
|
|
Batting: RHB Jerry Blas
|
0-0: Fly out, F7 (Flyball, 7, EV 80.6 MPH)
|
|
Batting: LHB Joe Phillips
|
0-0: Called Strike 0-1: Called Strike 0-2: Foul Ball, location: 2F 0-2: Ball 1-2: Foul Ball, location: 2F 1-2: Ball 2-2: Ball 3-2: Foul Ball, location: 2F 3-2: Base on Balls Jonathan Sotelo to second
|
|
Batting: RHB Jason Baldwin
|
0-0: Called Strike 0-1: Ball 1-1: Fly out, F9 (Flyball, 89M, EV 90.0 MPH)
|
| Top of the 2nd over - 0 runs, 1 hit, 0 errors, 2 left on base; Tulsa 1 - Colorado (EL) 0 |
| BOTTOM OF THE 2ND |
|
Colorado (EL) Rockies batting - Pitching for Tulsa Drillers : RHP Steve Mintz
|
|
Batting: LHB Paul McClintock
|
0-0: Ball 1-0: Called Strike 1-1: Called Strike 1-2: Strikes out swinging
|
|
Batting: SHB Jamie Mims
|
0-0: SINGLE (Line Drive, 78M, EV 95.0 MPH)
|
|
Batting: RHB Zakhar Edelman
|
0-0: Ball 1-0: Called Strike 1-1: Ball 2-1: Called Strike 2-2: Strikes out swinging
|
|
Batting: SHB Craig Ruzic
|
0-0: Ball 1-0: Called Strike Jamie Mims is caught stealing 2nd base 2-6
|
| Bottom of the 2nd over - 0 runs, 1 hit, 0 errors, 0 left on base; Tulsa 1 - Colorado (EL) 0 |
| TOP OF THE 3RD |
|
Tulsa Drillers batting - Pitching for Colorado (EL) Rockies : RHP Matt Morales
|
|
Batting: RHB Carlos Gonzalez
|
0-0: Ball 1-0: Ball 2-0: Ball 3-0: Base on Balls
|
|
Batting: RHB Justin Curran
|
0-0: Foul Ball, location: 2F 0-1: Ball 1-1: Ball Passed Ball! Carlos Gonzalez to second 2-1: SINGLE (Line Drive, 7S, EV 101.2 MPH) Carlos Gonzalez to third Runner from 3rd tries for Home, SAFE, throw by LF to home
|
|
Batting: LHB Bobby Gonzalez
|
0-0: DOUBLE (Flyball, 8RXD, EV 95.6 MPH) Justin Curran to third
|
|
Batting: LHB Nate Kee
|
0-0: Ball 1-0: Swinging Strike 1-1: Ball 2-1: Ball 3-1: Base on Balls
|
|
Batting: LHB Cory Bowler
|
0-0: Ball 1-0: Ball 2-0: Called Strike 2-1: SINGLE (Line Drive, 78S, EV 95.6 MPH) Justin Curran scores Bobby Gonzalez to third Nate Kee to second
|
|
Batting: RHB Jonathan Sotelo
|
0-0: Grounds into double play, 6-4-3 (Groundball, 6, EV 77.5 MPH) Bobby Gonzalez scores Nate Kee to third
|
|
Batting: RHB Jerry Blas
|
0-0: Ball 1-0: Swinging Strike 1-1: Ball 2-1: Called Strike 2-2: Ball 3-2: Base on Balls
|
|
Batting: LHB Joe Phillips
|
0-0: Called Strike 0-1: Foul Ball, location: 2F 0-2: Foul Ball, location: 2F 0-2: SINGLE (Groundball, 4MD, EV 95.0 MPH) Nate Kee scores Jerry Blas to second
|
|
Pitching: RHP Saburo Fujimoto
|
|
|
Batting: RHB Jason Baldwin
|
0-0: Ball 1-0: SINGLE (Groundball, 4D, EV 111.2 MPH) Jerry Blas to third Joe Phillips to second Runner from 3rd tries for Home, SAFE, throw by CF to home
|
|
Batting: RHB Carlos Gonzalez
|
0-0: Ball 1-0: Called Strike 1-1: Swinging Strike 1-2: SINGLE (Groundball, 56D, EV 97.5 MPH) Joe Phillips to third Jason Baldwin to second Runner from 3rd tries for Home, SAFE, throw by LF to home
|
|
Batting: RHB Justin Curran
|
0-0: TRIPLE (Flyball, 89XD, EV 106.2 MPH) Jason Baldwin scores Carlos Gonzalez scores
|
|
Batting: LHB Bobby Gonzalez
|
0-0: Called Strike 0-1: Ball 1-1: Swinging Strike 1-2: Ball 2-2: Fly out, F9 (Flyball, 9, EV 94.4 MPH)
|
| Top of the 3rd over - 8 runs, 7 hits, 0 errors, 1 left on base; Tulsa 9 - Colorado (EL) 0 |
| BOTTOM OF THE 3RD |
|
Colorado (EL) Rockies batting - Pitching for Tulsa Drillers : RHP Steve Mintz
|
|
Batting: SHB Craig Ruzic
|
0-0: Ball 1-0: Foul Ball, location: 2F 1-1: Foul Ball, location: 2F 1-2: Foul Ball, location: 2F 1-2: Foul Ball, location: 2F 1-2: Foul Ball, location: 2F 1-2: Foul Ball, location: 2F 1-2: Strikes out swinging
|
|
Batting: RHB Dwane Reed
|
0-0: Ball 1-0: Ground out 5-3 (Groundball, 56, EV 103.8 MPH)
|
|
Batting: LHB Nick Martin
|
0-0: Ball 1-0: Ball 2-0: Called Strike 2-1: Ball 3-1: Base on Balls
|
|
Batting: SHB Jeff Sorrels
|
0-0: Ball Nick Martin steals 2nd base 1-0: Fly out, F8 (Flyball, 8LD, EV 100.0 MPH)
|
| Bottom of the 3rd over - 0 runs, 0 hits, 0 errors, 1 left on base; Tulsa 9 - Colorado (EL) 0 |
| TOP OF THE 4TH |
|
Tulsa Drillers batting - Pitching for Colorado (EL) Rockies : RHP Saburo Fujimoto
|
|
Batting: LHB Nate Kee
|
0-0: SINGLE (Groundball, 34D, EV 96.2 MPH)
|
|
Batting: LHB Cory Bowler
|
0-0: Ball 1-0: Foul Ball, location: 2F 1-1: Ball 2-1: Fly out, F7 (Flyball, 7D, EV 103.8 MPH)
|
|
Batting: RHB Jonathan Sotelo
|
0-0: Fielders Choice at 2nd, 4-6 (Groundball, 4M, EV 83.8 MPH)
|
|
Batting: RHB Jerry Blas
|
0-0: Ball 1-0: Swinging Strike 1-1: SINGLE (Line Drive, 6D, EV 100.6 MPH) Jonathan Sotelo to second Runner from 2nd tries for 3rd, SAFE, no throw by CF
|
|
Batting: LHB Joe Phillips
|
0-0: Ball 1-0: Called Strike 1-1: Ball 2-1: Swinging Strike 2-2: Fielders Choice at 2nd, 6-4 (Groundball, 6, EV 82.5 MPH)
|
| Top of the 4th over - 0 runs, 2 hits, 0 errors, 2 left on base; Tulsa 9 - Colorado (EL) 0 |
| BOTTOM OF THE 4TH |
|
Colorado (EL) Rockies batting - Pitching for Tulsa Drillers : RHP Steve Mintz
|
|
Batting: RHB Chris Tatum
|
0-0: Called Strike 0-1: Foul Ball, location: 2F 0-2: Foul Ball, location: 2F 0-2: Ground out 6-3 (Groundball, 6M, EV 91.2 MPH)
|
|
Batting: LHB Mick Tucker
|
0-0: Ball 1-0: Called Strike 1-1: SINGLE (Line Drive, 9S, EV 98.8 MPH)
|
|
Batting: LHB Paul McClintock
|
0-0: Grounds into double play, 4-6-3 (Groundball, 4, EV 80.6 MPH)
|
| Bottom of the 4th over - 0 runs, 1 hit, 0 errors, 0 left on base; Tulsa 9 - Colorado (EL) 0 |
| TOP OF THE 5TH |
|
Tulsa Drillers batting - Pitching for Colorado (EL) Rockies : RHP Saburo Fujimoto
|
|
Batting: RHB Jason Baldwin
|
0-0: Called Strike 0-1: Ball 1-1: Called Strike 1-2: Reached on error, E5 (Groundball, 56, EV 102.5 MPH)
|
|
Batting: RHB Carlos Gonzalez
|
0-0: Swinging Strike 0-1: Foul Ball, location: 2F 0-2: Ball 1-2: Strikes out swinging
|
|
Batting: RHB Justin Curran
|
0-0: Swinging Strike 0-1: Ball 1-1: Foul Ball, location: 2F 1-2: SINGLE (Groundball, 56, EV 101.2 MPH) (infield hit) Jason Baldwin to second
|
|
Batting: LHB Bobby Gonzalez
|
0-0: 3-RUN HOME RUN (Flyball, 89XD, EV 98.1 MPH), Distance : 386 ft
|
|
Pitching: LHP Jared Lummus
|
|
|
Batting: LHB Nate Kee
|
0-0: Foul Ball, location: 2F 0-1: Foul Ball, location: 2F 0-2: Ball 1-2: Fly out, F7 (Flyball, 7LSF, EV 89.4 MPH)
|
|
Batting: LHB Cory Bowler
|
0-0: Ball 1-0: Swinging Strike 1-1: Ball 2-1: Ground out 6-3 (Groundball, 6, EV 103.1 MPH)
|
| Top of the 5th over - 3 runs, 2 hits, 1 error, 0 left on base; Tulsa 12 - Colorado (EL) 0 |
| BOTTOM OF THE 5TH |
|
Colorado (EL) Rockies batting - Pitching for Tulsa Drillers : RHP Steve Mintz
|
|
Batting: SHB Jamie Mims
|
0-0: Ground out 4-3 (Groundball, 4, EV 84.4 MPH)
|
|
Batting: RHB Zakhar Edelman
|
0-0: Ball 1-0: Ball 2-0: Called Strike 2-1: Ball 3-1: Called Strike 3-2: Ground out 5-3 (Groundball, 5, EV 100.0 MPH)
|
|
Batting: SHB Craig Ruzic
|
0-0: Called Strike 0-1: Ball 1-1: Ball 2-1: Ground out 5-3 (Groundball, 56S, EV 85.0 MPH)
|
| Bottom of the 5th over - 0 runs, 0 hits, 0 errors, 0 left on base; Tulsa 12 - Colorado (EL) 0 |
| TOP OF THE 6TH |
|
Tulsa Drillers batting - Pitching for Colorado (EL) Rockies : LHP Jared Lummus
|
|
Batting: RHB Jonathan Sotelo
|
0-0: Called Strike 0-1: Ball 1-1: Swinging Strike 1-2: Foul Ball, location: 2F 1-2: Foul Ball, location: 2F 1-2: Ball 2-2: Ball 3-2: Foul Ball, location: 2F 3-2: Base on Balls
|
|
Batting: RHB Jerry Blas
|
0-0: Ball 1-0: Ball 2-0: Ball 3-0: Base on Balls Jonathan Sotelo to second
|
|
Batting: LHB Joe Phillips
|
0-0: Ball 1-0: Fielders Choice at 2nd, 3-6 (Groundball, 34S, EV 89.4 MPH) Jonathan Sotelo to third
|
|
Batting: RHB Jason Baldwin
|
0-0: Foul Ball, location: 2F 0-1: Foul Ball, location: 2F 0-2: Strikes out swinging
|
|
Batting: RHB Carlos Gonzalez
|
0-0: Ball 1-0: Foul Ball, location: 2F 1-1: Swinging Strike 1-2: Strikes out looking
|
| Top of the 6th over - 0 runs, 0 hits, 0 errors, 2 left on base; Tulsa 12 - Colorado (EL) 0 |
| BOTTOM OF THE 6TH |
|
Colorado (EL) Rockies batting - Pitching for Tulsa Drillers : RHP Steve Mintz
|
|
Batting: RHB Dwane Reed
|
0-0: Ball 1-0: Ball 2-0: Foul Ball, location: 2F 2-1: Foul Ball, location: 2F 2-2: Foul Ball, location: 2F 2-2: Ball 3-2: Fly out, F8 (Line Drive, 78D, EV 92.5 MPH)
|
|
Batting: LHB Nick Martin
|
0-0: Ball 1-0: DOUBLE (Line Drive, 5D, EV 98.8 MPH)
|
|
Batting: SHB Jeff Sorrels
|
0-0: Fly out, F6 (Popup, 6, EV 73.1 MPH)
|
|
Batting: RHB Chris Tatum
|
0-0: Ball 1-0: SINGLE (Groundball, P, EV 91.2 MPH) (infield hit) Nick Martin to third
|
|
Batting: LHB Mick Tucker
|
0-0: Called Strike 0-1: Foul Ball, location: 2F 0-2: Ball 1-2: Ball 2-2: Ground out 4-3 (Groundball, 4, EV 85.0 MPH)
|
| Bottom of the 6th over - 0 runs, 2 hits, 0 errors, 2 left on base; Tulsa 12 - Colorado (EL) 0 |
| TOP OF THE 7TH |
|
Tulsa Drillers batting - Pitching for Colorado (EL) Rockies : LHP Jared Lummus
|
|
Batting: RHB Justin Curran
|
0-0: Foul Ball, location: 2F 0-1: Ball 1-1: Ball 2-1: Called Strike 2-2: Strikes out swinging
|
|
Batting: LHB Bobby Gonzalez
|
0-0: Ball 1-0: Ball 2-0: Ground out 6-3 (Groundball, 6MS, EV 73.1 MPH)
|
|
Batting: LHB Nate Kee
|
0-0: Ball 1-0: Ground out 4-3 (Groundball, 4S, EV 86.9 MPH)
|
| Top of the 7th over - 0 runs, 0 hits, 0 errors, 0 left on base; Tulsa 12 - Colorado (EL) 0 |
| BOTTOM OF THE 7TH |
|
Colorado (EL) Rockies batting - Pitching for Tulsa Drillers : RHP Steve Mintz
|
|
Pinch Hitting: LHB Daniel Green
|
0-0: Ball 1-0: Ball 2-0: DOUBLE (Line Drive, 89D, EV 113.1 MPH)
|
|
Batting: SHB Jamie Mims
|
0-0: Foul Ball, location: 2F 0-1: Ground out 6-3 (Groundball, 6, EV 85.6 MPH) Daniel Green to third
|
|
Batting: RHB Zakhar Edelman
|
0-0: Ball 1-0: Foul Ball, location: 2F 1-1: Ground out 4-3 (Groundball, 4, EV 99.4 MPH) Daniel Green scores
|
|
Batting: SHB Craig Ruzic
|
0-0: Foul Ball, location: 2F 0-1: Called Strike 0-2: SINGLE (Groundball, 34S, EV 71.9 MPH) (infield hit)
|
|
Batting: RHB Dwane Reed
|
0-0: Called Strike Craig Ruzic steals 2nd base (no throw) 0-1: Swinging Strike 0-2: Fly out, F8 (Flyball, 8RXD, EV 96.9 MPH)
|
| Bottom of the 7th over - 1 run, 2 hits, 0 errors, 1 left on base; Tulsa 12 - Colorado (EL) 1 |
| TOP OF THE 8TH |
|
Tulsa Drillers batting - Pitching for Colorado (EL) Rockies : LHP Jared Lummus
|
|
Now at 2B: Jamie Mims
|
|
|
Now in LF: Nick Martin
|
|
|
Now in CF: Zakhar Edelman
|
|
|
Now in RF: Daniel Green
|
|
|
Batting: LHB Cory Bowler
|
0-0: Called Strike 0-1: Swinging Strike 0-2: Ball 1-2: Strikes out swinging
|
|
Pitching: RHP Michael Conrad
|
|
|
Batting: RHB Jonathan Sotelo
|
0-0: Ball 1-0: Foul Ball, location: 2F 1-1: SINGLE (Line Drive, 3D, EV 93.8 MPH)
|
|
Batting: RHB Jerry Blas
|
0-0: Ball 1-0: Foul Ball, location: 2F 1-1: Swinging Strike 1-2: Strikes out swinging
|
|
Batting: LHB Joe Phillips
|
0-0: Called Strike 0-1: Ball 1-1: Ball 2-1: Called Strike 2-2: Ball 3-2: Base on Balls Jonathan Sotelo to second
|
|
Batting: RHB Jason Baldwin
|
0-0: Ball 1-0: Foul Ball, location: 2F 1-1: Swinging Strike 1-2: Hit by Pitch Jonathan Sotelo to third Joe Phillips to second
|
|
Batting: RHB Carlos Gonzalez
|
0-0: Called Strike 0-1: Ball 1-1: Called Strike 1-2: Ball 2-2: SINGLE (Groundball, 6D, EV 104.4 MPH) Jonathan Sotelo scores Joe Phillips to third Jason Baldwin to second Runner from 3rd tries for Home, SAFE, throw by LF to home
|
|
Batting: RHB Justin Curran
|
0-0: Hit by Pitch Jason Baldwin to third Carlos Gonzalez to second
|
|
Batting: LHB Bobby Gonzalez
|
0-0: Ball 1-0: Foul Ball, location: 2F 1-1: Foul Ball, location: 2F 1-2: Ball 2-2: Ground out 4-3 (Groundball, 4M, EV 96.9 MPH)
|
| Top of the 8th over - 2 runs, 2 hits, 0 errors, 3 left on base; Tulsa 14 - Colorado (EL) 1 |
| BOTTOM OF THE 8TH |
|
Colorado (EL) Rockies batting - Pitching for Tulsa Drillers : RHP Steve Mintz
|
|
Batting: LHB Nick Martin
|
0-0: Ball 1-0: Swinging Strike 1-1: Swinging Strike 1-2: Fly out, F9 (Flyball, 9, EV 88.8 MPH)
|
|
Batting: SHB Jeff Sorrels
|
0-0: Ball 1-0: Foul Ball, location: 2F 1-1: Foul Ball, location: 2F 1-2: Ball 2-2: Foul Ball, location: 2F 2-2: Ball 3-2: Base on Balls
|
|
Pitching: RHP Cody Calderon
|
|
|
Batting: RHB Chris Tatum
|
0-0: Ball 1-0: Ball 2-0: Swinging Strike 2-1: Ball 3-1: Foul Ball, location: 2F 3-2: Grounds into double play, 6-4-3 (Groundball, 6S, EV 90.0 MPH)
|
| Bottom of the 8th over - 0 runs, 0 hits, 0 errors, 0 left on base; Tulsa 14 - Colorado (EL) 1 |
| TOP OF THE 9TH |
|
Tulsa Drillers batting - Pitching for Colorado (EL) Rockies : RHP Michael Conrad
|
|
Batting: LHB Nate Kee
|
0-0: Called Strike 0-1: Ball 1-1: Ground out 3-1 (Groundball, 34S, EV 71.2 MPH)
|
|
Batting: LHB Cory Bowler
|
0-0: Ball 1-0: Called Strike 1-1: Foul Ball, location: 2F 1-2: Ground out 4-3 (Groundball, 4, EV 85.6 MPH)
|
|
Batting: RHB Jonathan Sotelo
|
0-0: Swinging Strike 0-1: Ball 1-1: Ground out 6-3 (Groundball, 6, EV 91.9 MPH)
|
| Top of the 9th over - 0 runs, 0 hits, 0 errors, 0 left on base; Tulsa 14 - Colorado (EL) 1 |
| BOTTOM OF THE 9TH |
|
Colorado (EL) Rockies batting - Pitching for Tulsa Drillers : RHP Cody Calderon
|
|
Batting: LHB Mick Tucker
|
0-0: Foul Ball, location: 2F 0-1: Ball 1-1: Ball 2-1: Called Strike 2-2: Ball 3-2: Ground out 4-3 (Groundball, 4, EV 82.5 MPH)
|
|
Batting: LHB Daniel Green
|
0-0: Ball 1-0: Ball 2-0: Called Strike 2-1: Called Strike 2-2: Ball 3-2: Ground out 4-3 (Groundball, 34, EV 106.9 MPH)
|
|
Batting: SHB Jamie Mims
|
0-0: Called Strike 0-1: Ball 1-1: Called Strike 1-2: Ball 2-2: Strikes out swinging
|
| Bottom of the 9th over - 0 runs, 0 hits, 0 errors, 0 left on base; Tulsa 14 - Colorado (EL) 1 |
|